 Dungeon Crawl Stone Soup version 0.31-a0-271-gb88eb75e06 (webtiles) character file.

Game seed: 916893555207224717

1067 LeprechaunX the Ruffian (level 8, 0/54 HPs)
             Began as an Octopode Shapeshifter on July 14, 2023.
             Killed from afar by an orc wizard (7 damage)
             ... with a puff of flame
             ... on level 6 of the Dungeon.
             The game lasted 00:14:56 (5161 turns).

LeprechaunX the Ruffian (Octopode Shapeshifter)     Turns: 5161, Time: 00:14:56

Health: 0/54       AC:  1    Str: 15    XL:     8   Next: 28%
Magic:  8/8        EV: 13    Int: 10    God:
Gold:   289        SH:  0    Dex: 14    Spells: 7/7 levels left

rFire   . .          .
                       - Unarmed
rCold   . . .        (no shield)
rNeg    . . .        (helmet currently unavailable)
rPois   .            (no amulet)
rElec   .            (no ring)
rCorr   .            (no ring)
SInv    .            (no ring)
Will    .....        (no ring)
Stlth   ++           (no ring)
HPRegen 0.29/turn    (no ring)
MPRegen 0.11/turn    (no ring)
                     (no ring)

%: no passive effects
@: beast-form
A: beast (slay +4), almost no armour, amphibious, 8 rings, camouflage 1,
gelatinous body 1, (nimble swimmer 1), tentacles
a: Begin Untransformation


You were on level 6 of the Dungeon.
You were a hulking beast.
You visited 1 branch of the dungeon, and saw 6 of its levels.
You also visited: Sewer.

You collected 289 gold pieces.

Inventory:

Hand Weapons
 a - a +1 heavy halberd
 t - a +2 falchion of holy wrath
 u - a +0 dire flail of draining
Missiles
 q - 7 poisoned darts (quivered)
Jewellery
 y - a ring of ice
Talismans
 b - a beast talisman
 z - a maw talisman
Wands
 p - a wand of digging (6)
Scrolls
 c - a scroll of vulnerability {unknown}
 d - 6 scrolls of teleportation {unknown}
 e - 3 scrolls of blinking
 h - a scroll of revelation {unknown}
 j - a scroll of amnesia {unknown}
 k - a scroll of poison {unknown}
 l - 2 scrolls of identify {unknown}
 n - a scroll of noise {unknown}
 s - a scroll of fog {unknown}
 v - a scroll of torment {unknown}
 w - a scroll of acquirement {unknown}
 A - a scroll of fear {unknown}
Potions
 f - 3 potions of enlightenment {unknown}
 g - 3 potions of degeneration {unknown}
 i - 4 potions of heal wounds {unknown}
 m - a potion of mutation {unknown}
 o - a potion of berserk rage {unknown}
 r - a potion of lignification
 x - 2 potions of brilliance {unknown}


   Skills:
 + Level 4.6 Fighting
 - Level 2.0 Dodging
 + Level 6.1 Unarmed Combat
 * Level 5.9 Shapeshifting


You had 7 spell levels left.
You didn't know any spells.
Your spell library contained the following spells:

 Spells                   Type           Power      Damage    Failure   Level
 Ensorcelled Hibernation  Hex/Ice        0%         N/A       50%         2
 Anguish                  Hex/Necr       0%         N/A       98%         4


Dungeon Overview and Level Annotations

Branches:
Dungeon (6/15)              Sewer (visited)
 Temple: D:4-7

Altars:

Annotations:
D:5 1 runed translucent door, HallandMoats's ghost, amateur DsFi


Innate Abilities, Weirdness & Mutations

You are a hulking beast.
Your limbs bulge with bestial killing power. (Slay +4)
You cannot wear most types of armour.
You are amphibious.
You can wear up to eight rings at the same time.
Your skin changes colour to match your surroundings (Stealth+).
Your rubbery body absorbs attacks. (AC +1, EV +1)
((You are camouflaged when in or above water. (Stealth+)))
You have tentacles for arms and can constrict up to eight enemies at once.


Message History

You feel sick.
You feel sick.
You are no longer poisoned.
There is an escape hatch in the ceiling here.
You can't go up here!
There is an open door here.
An orc wizard comes into view. It is wielding a +0 dagger.
The orc wizard shouts!
An orc comes into view. It is wielding a +0 hand axe.
The orc wizard casts a spell.
The orc wizard flickers and vanishes!
Deactivating autopickup; reactivate with Ctrl-A.
The orc shouts!
You bludgeon something! Something hits you but does no damage.
You hear some strange, mumbled words.
A puff of flame appears from out of thin air!
The puff of flame hits you!
* * * LOW HITPOINT WARNING * * *
You barely miss the orc. You grab the orc. You tentacle-slap the orc!
You kill the orc!
Something hits you.
* * * LOW HITPOINT WARNING * * *
Something hits you.
* * * LOW HITPOINT WARNING * * *
Blink to where?
Press: ? - help, Dir - move target
As you read the scroll of blinking, it crumbles to dust.
You close the door.
Found a scroll labelled IDUPTO KIQUHIXT.
An orc comes into view. It is wielding a +0 war axe.
An orc priest comes into view. It is wielding a +0 short sword.
The orc priest shouts!
The orc shouts!
You hear a shout!
Blink to where?
Press: ? - help, Dir - move target
As you read the scroll of blinking, it crumbles to dust.
The ogre attacks as you move away! The ogre closely misses you.
You hear some strange, mumbled words.
A puff of flame appears from out of thin air!
The puff of flame hits you!
You die...

#....# #....# #....#
#....# #....# #....#
####....# #.......#
#...h#### #....#
#..{O#############
#................#
#............ยง...+
#................#
#.......##+####......
#...........# .o....
#######.....# ....?.


You could see an ogre.

Vanquished Creatures
  Edmund (D:4)
  2 water moccasins
  A black bear (D:5)
  A phantom (D:5)
  A bullfrog (Sewer)
  An orc priest (D:6)
  3 hounds
  3 iguanas
  An orc wizard (D:5)
  A sleepcap (D:6)
  4 gnolls (D:4)
  10 adders
  2 worms (D:2)
  2 dart slugs
  10 orcs
  3 endoplasms
  15 giant cockroaches
  11 hobgoblins
  9 jackals
  10 quokkas
  7 ball pythons
  4 bats
  10 frilled lizards
  9 goblins
  5 kobolds
  4 rats
130 creatures vanquished.

Notes
Turn   | Place    | Note
-------+----------+-------------------------------------------
     0 | D:1      | LeprechaunX the Octopode Shapeshifter began the quest for
                  | the Orb.
     0 | D:1      | Reached XP level 1. HP: 14/14 MP: 1/1
   119 | D:1      | Reached XP level 2. HP: 14/19 MP: 2/2
   506 | D:1      | Found a faded altar of an unknown god.
   748 | D:2      | Reached XP level 3. HP: 25/25 MP: 3/3
   838 | D:2      | Reached skill level 3 in Unarmed Combat
   939 | D:2      | Reached XP level 4. HP: 25/30 MP: 4/4
  1137 | D:2      | Identified the +3 leather armour "Olioragi" {rC+}
  1681 | D:3      | Reached XP level 5. HP: 35/36 MP: 5/5
  1908 | D:3      | Found a glowing drain.
  1926 | Sewer    | Entered a sewer
  2068 | Sewer    | Reached skill level 4 in Unarmed Combat
  2075 | Sewer    | Identified the +2 chain mail of Anaesthesia {rN+ Int+3}
  2304 | D:3      | Reached XP level 6. HP: 42/42 MP: 6/6
  3019 | D:4      | Noticed Edmund
  3711 | D:4      | Killed Edmund
  3712 | D:4      | Reached XP level 7. HP: 13/46 MP: 7/7
  4038 | D:5      | Entered Level 5 of the Dungeon
  4072 | D:5      | Reached skill level 5 in Unarmed Combat
  4092 | D:5      | Reached skill level 5 in Shapeshifting
  4316 | D:5      | Found a runed translucent door.
  4316 | D:5      | Noticed a troll
  4316 | D:5      | Noticed HallandMoats's ghost (amateur DsFi)
  4815 | D:6      | Reached XP level 8. HP: 54/54 MP: 8/8
  4999 | D:6      | Reached skill level 6 in Unarmed Combat
  5161 | D:6      | Killed from afar by an orc wizard

Illustrated notes

Levels and vault maps discovered:
D:1:      dpeg_arrival_water_fire, layout_basic,
          chequers_ecumenical_altar_island
D:2:      layout_basic, st_stairs_5, minmay_tromino_v7
D:3:      layout_basic, portal_sewer_entry_f
D:4:      layout_rooms, uniq_edmund
D:5:      layout_cave_pools, ebering_ghost_inner_flame
D:6:      layout_basic

Skill      XL: |  1  2  3  4  5  6  7  8 |
---------------+-------------------------+-----
Unarmed Combat | 3 4 5 6 |  6.1
Shapeshifting  | 4 5 |  5.9
Fighting       | 3 4 |  4.6
Dodging        | |  2.0

Action                     |  1- 3 |  4- 6 |  7- 9 || total
---------------------------+-------+-------+-------++-------
  Melee: Unarmed           |    55 |   132 |    37 ||   224
         Constrict         |    19 |    42 |    14 ||    75
         Tentacles         |     8 |    28 |    14 ||    50
         Punch             |     3 |     4 |     4 ||    11
         Halberd           |       |     5 |       ||     5
         Dire flail        |       |       |    14 ||    14
  Throw: Dart              |       |    11 |     1 ||    12
         Stone             |       |     2 |       ||     2
    Use: Scroll            |       |       |     2 ||     2
   Stab: Sleeping          |     5 |    16 |     3 ||    24
 Armour: Skin              |     1 |     8 |     2 ||    11
  Dodge: Dodged            |    34 |    69 |    23 ||   126

Table legend: (Time is in decaauts)
 A = Elapsed time spent in this place.
 B = Non-inter-level travel time spent in this place.
 C = Inter-level travel time spent in this place.
 D = Time resting spent in this place.
 E = Time spent auto-exploring this place.
 F = Levels seen in this place.
 G = Mean time per level.
                   A        B        C        D        E       F      G
               +--------+--------+--------+--------+--------+-----+--------+
         Total |   5154 |   4544 |    610 |    201 |   3135 |   7 |  736.3 |
       Dungeon |   4835 |   4225 |    610 |    201 |   2961 |   6 |  805.8 |
         Sewer |    318 |    318 |      0 |      0 |    174 |   1 |  318.0 |
               +--------+--------+--------+--------+--------+-----+--------+

Top non-repeatable levels by time:
     D:3: 1245 daAuts
     D:2: 878 daAuts
     D:4: 853 daAuts
     D:1: 737 daAuts
     D:5: 719 daAuts
     D:6: 401 daAuts
   Sewer: 318 daAuts
